 Dungeon Crawl Stone Soup version 0.31-a0-851-g7ff8af7976 (webtiles) character file.

Game seed: 10728766457732139451

744 avis the Nimble (level 7, 32/32 HPs)
             Began as a Felid Fighter on Oct 8, 2023.
             Got out of the dungeon alive.
             The game lasted 00:27:16 (5599 turns).

avis the Nimble (Felid Fighter)                     Turns: 5599, Time: 00:27:17

Health: 32/32      AC:  2    Str: 12    XL:     7   Next: 47%
Magic:  8/8        EV: 23    Int: 10    God:
Gold:   142        SH:  0    Dex: 17    Spells: 6/6 levels left
                                        Lives:  0   Deaths: 2

rFire   . .          .
                       - Unarmed
rCold   . . .        (shield unavailable)
rNeg    . . .        (body armour unavailable)
rPois   .            (helmet unavailable)
rElec   .            (cloak unavailable)
rCorr   .            (gloves unavailable)
SInv    +            (boots unavailable)
Will    +....        (no amulet)
Stlth   +++          (no ring)
HPRegen 0.25/turn    (no ring)
MPRegen 0.11/turn

%: no passive effects
@: studying Hexes, quick
A: very small, claws 1, fangs 3, see invisible, speed 1, shaggy fur 2, stealthy
paws, no weapons or thrown items, no armour, multi-lived
a: no special abilities


You escaped.
You visited 1 branch of the dungeon, and saw 6 of its levels.
You also visited: Ossuary.

You collected 142 gold pieces.

Inventory:

Jewellery
 e - an amulet of guardian spirit
Scrolls
 b - a scroll of poison {unknown}
 d - a scroll of amnesia {unknown}
 f - 3 scrolls of fog {unknown}
 h - 2 scrolls of revelation {unknown}
 k - 2 scrolls of brand weapon {unknown}
 l - a scroll of teleportation {unknown}
 n - 6 scrolls of immolation
 o - 3 scrolls of fear
 q - a scroll of summoning {unknown}
Potions
 a - a potion of might
 c - a potion of curing
 g - a potion of berserk rage {unknown}
 i - 3 potions of mutation
 j - a potion of enlightenment
 p - 2 potions of brilliance


   Skills:
 * Level 4.3 Fighting
 - Level 9.0 Dodging
 - Level 5.0 Stealth
 - Level 5.0 Unarmed Combat


You had 6 spell levels left.
You didn't know any spells.
Your spell library was empty.

Dungeon Overview and Level Annotations

Branches:
Dungeon (6/15)            Ossuary (visited)
 Temple: D:4-7

Altars:
Ashenzari

Shops:
D:4 :

Annotations:
D:5 Can't reach some places.


Innate Abilities, Weirdness & Mutations

You have sharp claws.
You have razor-sharp teeth.
You have supernaturally acute eyesight. (SInv)
You cover ground quickly. (Speed+)
You are covered in thick fur. (AC +2)
Your paws help you pounce on unaware monsters.
You are incapable of wielding weapons or throwing items.
You cannot wear armour.
You gain extra lives every three experience levels.


Message History

You kill the orc!
You scratch the orc priest but do no damage.
The orc priest is heavily wounded.
The orc priest begins to cast a cantrip, but forgets the words!
You scratch the orc priest but do no damage.
The orc priest is heavily wounded.
The orc priest invokes the aid of Beogh against you.
Pain shoots through your body!
You die...
You rejoin the land of the living...
A gnoll is nearby!
The gnoll shouts!
Found a smoky amethyst potion.
g - a smoky amethyst potion
Found a whip.
You see here a +0 whip.
Found a stone staircase leading up.
A sleepcap comes into view.
There is a stone staircase leading up here.
The sleepcap completely misses you.
You climb upwards.
Level annotation: Can't reach some places.
There is a stone staircase leading down here.
The sleepcap barely misses you.
There is an open door here.
There is a stone staircase leading up here.
You climb upwards.
There is a stone staircase leading down here.
What level of the Dungeon? (default 1, ? - help)
There is a stone staircase leading up here.
You climb upwards.
There is a stone staircase leading down here.
There is a stone staircase leading up here.
You climb upwards.
There is a stone staircase leading down here.
There is a stone staircase leading up here.
You climb upwards.
There is a stone staircase leading down here.
There is a staircase leading out of the dungeon here.
You have escaped!

.#.#.# #......## ##.##
.#...#########......#####..#
.#.#.##.........#..........#
...####.#.#....#.#....#.#..#
......#....#..##.##..#..(.##
#####.#....#..#...#..#....#
......#.#..#..#...#..#..#.#
#.....#..###.........###..# #
#.............#.@.#......### #
....>##.......#...#........######
##......##.....###..........>....
......####......#.....####.######
##.##.# #............## #.#.....
#.##.####..##.....##..# #.#.##.#
##.#.......###.....###.# #.......
...........##.#...#.##.# ###.###.
#.##.##.....###...###..# #.###.


There were no monsters in sight!

Vanquished Creatures
  A black bear (D:4)
  2 scorpions
  2 centaur zombies (Ossuary)
  A human zombie (Ossuary)
  An orc priest (D:4)
  A gnoll bouda (D:4)
  An iguana (D:5)
  3 orc wizards
  3 mummies (Ossuary)
  7 gnolls
  6 adders
  A shadow imp (D:5)
  An ufetubus (D:4)
  2 worms (D:2)
  3 dart slugs
  18 orcs
  5 ball pythons
  4 endoplasms
  3 giant cockroaches
  A gnoll zombie (Ossuary)
  4 goblins
  11 hobgoblins
  4 quokkas
  5 bats
  3 frilled lizards
  2 goblin zombies (D:6)
  2 hobgoblin zombies (Ossuary)
  5 kobolds
  2 kobold zombies (Ossuary)
  2 rats (D:1)
106 creatures vanquished.

Notes
Turn   | Place    | Note
-------+----------+-------------------------------------------
     0 | D:1      | avis the Felid Fighter began the quest for the Orb.
     0 | D:1      | Reached XP level 1. HP: 10/10 MP: 2/2
    76 | D:1      | Reached skill level 1 in Stealth
   103 | D:1      | Reached XP level 2. HP: 5/14 MP: 3/3
   516 | D:1      | Reached skill level 5 in Dodging
   764 | D:2      | Found a faded altar of an unknown god.
   849 | D:2      | Reached XP level 3. HP: 16/17 MP: 4/4
  1681 | D:3      | Reached XP level 4. HP: 21/21 MP: 5/5
  2001 | D:2      | Reached skill level 6 in Dodging
  2590 | D:4      | Found Vumoant's Book Shoppe.
  2974 | D:4      | Reached XP level 5. HP: 19/24 MP: 6/6
  3302 | D:4      | Found a broken altar of Ashenzari.
  3414 | D:4      | Reached skill level 5 in Unarmed Combat
  3546 | D:4      | Gained mutation: You are covered in thick fur. (AC +2)
                  | [Felid growth]
  3546 | D:4      | Reached XP level 6. HP: 18/28 MP: 7/7
  4066 | D:5      | Entered Level 5 of the Dungeon
  4211 | D:4      | Reached skill level 7 in Dodging
  4668 | D:5      | Reached XP level 7. HP: 25/32 MP: 8/8
  4775 | D:5      | Reached skill level 5 in Stealth
  5037 | D:6      | Found a sand-covered staircase.
  5056 | Ossuary  | Entered an ossuary
  5092 | Ossuary  | Reached skill level 8 in Dodging
  5341 | Ossuary  | Identified a scroll of acquirement
  5348 | Ossuary  | Acquired a manual of Hexes
  5393 | D:6      | Reached skill level 9 in Dodging
  5401 | D:6      | Killed from afar by an orc priest
  5415 | D:6      | HP: 1/32 [orc priest/divine providence (14)]
  5424 | D:6      | Killed from afar by an orc priest
  5599 | D:$      | Got out of the dungeon alive.

Illustrated notes

Levels and vault maps discovered:
D:1:      erik_arrival_blinker_ship, layout_basic
D:2:      layout_basic, nicolae_ecumenical_pavilion
D:3:      layout_loops_ring
D:4:      layout_layer_cave, ashenzari_conservatory_becter, serial_shops,
          nicolae_square_shop, minmay_hedge_maze, kennysheep_generic_room_12
D:5:      layout_basic, chequers_serial_rivers_small_a,
          nicolae_underground_beach
D:6:      layout_loops_ring, lemuel_crystal_altar, enter_ossuary_4

Skill      XL: |  1  2  3  4  5  6  7 |
---------------+----------------------+-----
Stealth        | 1 2 3 4 5 |  5.0
Dodging        | 5 6 7 9 |  9.0
Fighting       | 4 |  4.3
Unarmed Combat | 5 |  5.0

Action                     |  1- 3 |  4- 6 |  7- 9 || total
---------------------------+-------+-------+-------++-------
  Melee: Unarmed           |   109 |   157 |    87 ||   353
         Bite              |     6 |    20 |     8 ||    34
         Punch             |     1 |     9 |     4 ||    14
    Use: Scroll            |       |       |     6 ||     6
         Potion            |       |       |     1 ||     1
   Stab: Sleeping          |     9 |     8 |     6 ||    23
         Distracted        |     1 |       |       ||     1
 Armour: Skin              |    19 |    48 |    10 ||    77
  Dodge: Dodged            |    58 |   106 |    46 ||   210

Table legend: (Time is in decaauts)
 A = Elapsed time spent in this place.
 B = Non-inter-level travel time spent in this place.
 C = Inter-level travel time spent in this place.
 D = Time resting spent in this place.
 E = Time spent auto-exploring this place.
 F = Levels seen in this place.
 G = Mean time per level.
                   A        B        C        D        E       F      G
               +--------+--------+--------+--------+--------+-----+--------+
         Total |   4724 |   4361 |    363 |    705 |   2430 |   7 |  674.9 |
       Dungeon |   4461 |   4098 |    363 |    656 |   2430 |   6 |  743.5 |
       Ossuary |    263 |    263 |      0 |     49 |      0 |   1 |  263.0 |
               +--------+--------+--------+--------+--------+-----+--------+

Top non-repeatable levels by time:
     D:4: 1575 daAuts
     D:2: 808 daAuts
     D:1: 701 daAuts
     D:3: 613 daAuts
     D:5: 610 daAuts
 Ossuary: 263 daAuts
     D:6: 152 daAuts
